 Dungeon Crawl Stone Soup version 0.28-a0-1152-g9c71ebef14 (webtiles) character file.

Game seed: 1552472813475326663

130 spaghetti the Skirmisher (level 5, 4/62 HPs)
             Began as an Ogre Delver on Dec 14, 2021.
             Quit the game on level 4 of the Dungeon.
             The game lasted 00:01:39 (1060 turns).

spaghetti the Skirmisher (Ogre Delver)              Turns: 1060, Time: 00:01:40

Health: 4/62       AC:  3    Str: 18    XL:     5   Next: 13%
Magic:  5/5        EV:  9    Int: 11    God:
Gold:   18         SH:  0    Dex: 10    Spells: 4/4 levels left

rFire   . . .      SeeInvis .   a - +0 mace {mace}
rCold   . . .      Faith    .   (no shield)
rNeg    . . .      Spirit   .   b - +0 robe
rPois   .          Reflect  .   (helmet restricted)
rElec   .          Harm     .   (no cloak)
rCorr   .          Rampage  .   (gloves unavailable)
Will    .....                   (boots unavailable)
Stlth   ++........              (no amulet)
HPRegen 0.20/turn               (no ring)
MPRegen 0.09/turn               (no ring)

@: lethally poisoned (4 -> -2), hasted, very quick
A: large, unfitting armour, tough skin 1
a: no special abilities


You were on level 4 of the Dungeon.
You visited 1 branch of the dungeon, and saw 2 of its levels.

You collected 18 gold pieces.


Innate Abilities, Weirdness & Mutations

You are too large for most types of armour.
You have tough skin. (AC +1)


   Skills:
 + Level 7.5 Fighting
 - Level 1.7 Maces & Flails
 - Level 1.7 Dodging
 - Level 3.7 Stealth


You had 4 spell levels left.
You didn't know any spells.
Your spell library was empty.

Inventory:

Hand Weapons
 a - a +0 mace (weapon) {mace}
 h - a +1 flail of holy wrath {mace}
   (You took it off Edmund on level 5 of the Dungeon)
Missiles
 i - 13 arrows
 j - 11 poisoned darts (quivered) {throwing}
Armour
 b - a +0 robe (worn)
Wands
 g - a wand of digging (2)
Scrolls
 c - a scroll of fog
 d - a scroll of magic mapping {!r}
Potions
 f - a potion of haste {@q3}

Dungeon Overview and Level Annotations

Branches:
Dungeon (5/15)
 Temple: D:4-7

Altars:

Shops:
D:4

?
.........##.g....##..
....##...###>...## .
..# ##...##.#....# .
#....#.#######
#.###..###...## #.
#....#..#o.#
..#.#.#s..###.#
#.##.#####.#y# ... #.
#@.# ### #. ##.# #s
..# #. #.# ..# #.#
#.. #.


You could see a killer bee.


Message History

You feel very sick. The hound barely misses you. The scorpion stings you.
You are more poisoned.
The scorpion poisons you! 😮 HP[-5]
You take 5 damage, and now have 35/62 hp.
Unknown command.
You feel very sick. 😨 HP[-4]
You take 4 damage, and now have 31/62 hp.
You feel very sick. The hound completely misses you.
There is an open door here. 😨 HP[-4]
You take 4 damage, and now have 27/62 hp.
You feel very sick. 😨 HP[-3]
You take 3 damage, and now have 24/62 hp.
Okay, then.
Okay, then.
Okay, then.
You hit the hound but do no damage.
You feel very sick. The hound barely misses you.
The hound closely misses you. 😨 HP[-3]
You take 3 damage, and now have 21/62 hp.
Unknown command.
Unknown command.
You closely miss the hound.
You feel sick. The hound bites you but does no damage. The hound bites you.
* * * LOW HITPOINT WARNING * * *
😨 HP[-2]
You take 2 damage, and now have 19/62 hp.
Unknown command.
Throw: 11 darts (poison) {throwing}
Press: ? - help, Q - select action Shift-Dir - straight line, f - hound
Aim: a hound (heavily wounded, 48% to hit)
Okay, then.
Okay, then.
Okay, then.
As you read the scroll of fear, it crumbles to dust.
You assume a fearsome visage.
The hound looks frightened!
The scorpion looks frightened!
You feel sick. 😨 HP[-1]
You take 1 damage, and now have 18/62 hp.
You feel sick. 😨 HP[-1]
You take 1 damage, and now have 17/62 hp.
You feel sick.
There is a stone staircase leading up here. 😨 HP[-1]
You take 1 damage, and now have 16/62 hp.
You feel sick.
You climb upwards.
You feel sick.
You are no longer poisoned.
There is a stone staircase leading down here. 😱 HP[-2]
You take 2 damage, and now have 14/62 hp.
Unknown command.
Unknown command.
Unknown command.
Aiming: Dig
Press: ? - help, Shift-Dir - straight line A rock wall.
The rock shatters into small pieces.
An orc comes into view. It is wielding a +0 hand axe.
A killer bee comes into view.
The orc shouts!
The killer bee buzzes angrily.
A scorpion comes into view. 😱 HP[+1] 😨 HP[+1]
Okay, then.
Okay, then.
Okay, then.
Okay, then.
Okay, then.
Unknown command.
You feel yourself speed up. The killer bee stings you.
* * * LOW HITPOINT WARNING * * *
The killer bee stings you.
* * * LOW HITPOINT WARNING * * *
😱 HP[-8]
You take 8 damage, and now have 8/62 hp.
Unknown command.
Unknown command.
Unknown command.
The killer bee barely misses you. The killer bee stings you.
* * * LOW HITPOINT WARNING * * *
You are lethally poisoned!
The killer bee poisons you! 😱 HP[-4]
You take 4 damage, and now have 4/62 hp.
Unknown command.
Unknown command.
Unknown command.
Unknown command.
Okay, then.
Are you sure you want to abandon this character and quit the game? (Confirm with "yes".)

Skill      XL: |  1  2 |
---------------+-------+-----
Fighting       | 7 |  7.5
Maces & Flails | |  1.7
Dodging        | |  1.7
Stealth        | |  3.7

Action                   |  1- 3 |  4- 6 || total
-------------------------+-------+-------++-------
Melee: Mace              |    21 |     7 ||    28
Throw: Dart              |    13 |       ||    13
Evoke: Wand              |       |     1 ||     1
  Use: Potion            |     1 |     1 ||     2
       Scroll            |       |     2 ||     2
Armor: Robe              |     4 |     4 ||     8
Dodge: Dodged            |    14 |    11 ||    25

Levels and vault maps discovered:
D:4:      layout_layer_cave, mainiacjoe_overflow_tiny_flanked,
          nicolae_uskayaw_murder_on_the_dancefloor, serial_shops, shop,
          st_stairs_12, minmay_small_thing, uniq_pikel, uniq_duvessa,
          uniq_blork_the_orc, uniq_sigmund
D:5:      layout_gridville, lemuel_temple_firewalk_b, uniq_edmund

Notes
Turn   | Place    | Note
-------+----------+-------------------------------------------
     0 | D:5      | spaghetti the Ogre Delver began the quest for the Orb.
     0 | D:5      | Reached XP level 1. HP: 24/24 MP: 1/1
     0 | D:5      | magus.rc [v1.9.6]
    29 | D:4      | Found Tuver's Magic Scroll Shoppe.
    43 | D:4      | Reached XP level 2. HP: 13/33 MP: 2/2
    45 | D:4      | HP: 8/33 [poisoned by an adder]
    50 | D:4      | HP: 4/33 [poisoned by an adder]
   613 | D:5      | Reached skill level 5 in Fighting
   725 | D:5      | Noticed Edmund
   751 | D:5      | HP: 3/35 [Edmund (10)]
   753 | D:5      | Killed Edmund
   754 | D:5      | Reached skill level 7 in Fighting
   754 | D:5      | Reached XP level 3. HP: 16/46 MP: 3/3
   754 | D:5      | Reached XP level 4. HP: 19/55 MP: 4/4
   754 | D:5      | Reached XP level 5. HP: 22/62 MP: 5/5
  1045 | D:4      | HP: 14/62 [poisoned by a scorpion]
  1056 | D:4      | HP: 10/62 [killer bee (6)]
  1059 | D:4      | HP: 4/62 [killer bee (4)]
  1060 | D:4      | Quit the game

Vanquished Creatures
  Edmund (D:5)
  An adder (D:4)
  3 orcs (D:5)
5 creatures vanquished.

Table legend:
 A = Non-vault XP
 B = Vault XP
 C = Vault XP percentage of total XP
 D = Non-vault monster count
 E = Vault monster count
 F = Vault count percentage of total count
                 A         B        C        D         E       F
            +---------+---------+-------+---------+---------+-------
      Total |      22 |     164 |  88.2 |       4 |       1 |  20.0
            +---------+---------+-------+---------+---------+-------
        D:4 |      13 |       0 |   0.0 |       1 |       0 |   0.0
        D:5 |       9 |     164 |  94.8 |       3 |       1 |  25.0
            +---------+---------+-------+---------+---------+-------

Illustrated notes

Table legend:
 A = Kills in this place as a percentage of kills in entire the game.
 B = Kills by you in this place as a percentage of kills by you in the entire game.
 C = Kills by friends in this place as a percentage of kills by friends in the entire game.
 D = Other kills in this place as a percentage of other kills in the entire game.
 E = Experience gained in this place as a percentage of experience gained in the entire game.
 F = Experience gained in this place divided by the number of levels of this place that you have seen.
                   A       B       C       D       E      F
               +-------+-------+-------+-------+-------+----------------------
         Total | 100.0 | 100.0 |   N/A |   N/A | 100.0 |  93.0
       Dungeon | 100.0 | 100.0 |   N/A |   N/A | 100.0 |  93.0
               +-------+-------+-------+-------+-------+----------------------

Table legend: (Time is in decaauts)
 A = Elapsed time spent in this place.
 B = Non-inter-level travel time spent in this place.
 C = Inter-level travel time spent in this place.
 D = Time resting spent in this place.
 E = Time spent auto-exploring this place.
 F = Levels seen in this place.
 G = Mean time per level.
                   A        B        C        D        E       F      G
               +--------+--------+--------+--------+--------+-----+--------+
         Total |   1068 |   1060 |      8 |    741 |    182 |   2 |  534.0 |
       Dungeon |   1068 |   1060 |      8 |    741 |    182 |   2 |  534.0 |
               +--------+--------+--------+--------+--------+-----+--------+

Top non-repeatable levels by time:
     D:5: 745 daAuts
     D:4: 323 daAuts
